 Dungeon Crawl Stone Soup version 0.25.1-2-g60ff931df9 (webtiles) character file.

Game seed: 9188525886105361595

1668 RosmoRope the Basher (level 8, -12/96 HPs)
             Began as a Minotaur Berserker on Aug 27, 2020.
             Was an Elder of Trog.
             Mangled by an orc warrior
             ... wielding a +0 long sword
              (19 damage)
             ... in the Ecumenical Temple.
             The game lasted 00:16:08 (6694 turns).

RosmoRope the Basher (Minotaur Berserker)           Turns: 6694, Time: 00:16:08

Health: -12/96     AC: 10    Str: 21    XL:     8   Next: 69%
Magic:  7/7        EV: 10    Int:  4    God:    Trog [****..]
Gold:   266        SH:  0    Dex: 13    Spells: 7/7 levels left

rFire    . . .     SeeInvis .   a - +0 mace
rCold    . . .     Gourm    .   (no shield)
rNeg     . . .     Faith    .   j - +0 scale mail (curse)
rPois    .         Spirit   .   (helmet restricted)
rElec    .         Reflect  .   y - +2 cloak {rCorr}
rCorr    +         Harm     .   h - +0 pair of gloves
MR       .....                  (no boots)
Stlth    ..........             (no amulet)
HPRegen  0.26/turn              (no ring)
MPRegen  0.10/turn              (no ring)

@: berserking, starving, very quick
A: retaliatory headbutt, horns 2
a: Berserk, Trog's Hand, Brothers in Arms, Renounce Religion


You were in the Ecumenical Temple.
You worshipped Trog.
Trog was greatly pleased with you.
You were starving.

You visited 2 branches of the dungeon, and saw 7 of its levels.
You also visited: Sewer.

You collected 266 gold pieces.

Inventory:

Hand Weapons
 a - a +0 mace (weapon)
Armour
 b - a +0 animal skin
 h - a +0 pair of gloves (worn)
 j - a cursed +0 scale mail (worn)
 y - a +2 cloak of preservation (worn)
Jewellery
 t - a +6 ring of intelligence {unknown}
 B - an uncursed amulet of regeneration {unknown}
 I - an uncursed ring of see invisible {unknown}
Wands
 A - a wand of random effects (24)
 G - a wand of paralysis (7)
 H - a wand of digging (5)
Scrolls
 d - 2 scrolls of noise {unknown}
 g - a scroll of amnesia {unknown}
 i - 4 scrolls of identify {unknown}
 l - a scroll of enchant weapon {unknown}
 n - 8 scrolls of remove curse {unknown}
 o - 2 scrolls of enchant armour {unknown}
 r - 2 scrolls of fog {unknown}
 s - 5 scrolls of teleportation {unknown}
 x - a scroll of magic mapping {unknown}
 D - a scroll of random uselessness {unknown}
Potions
 e - 7 potions of curing {unknown}
 f - 2 potions of stabbing {unknown}
 k - a potion of might {unknown}
 m - a potion of ambrosia {unknown}
 p - 3 potions of mutation {unknown}
 q - 2 potions of magic {unknown}
 u - 4 potions of flight {unknown}
 v - a potion of invisibility {unknown}
 w - a potion of cancellation {unknown}
 z - a potion of heal wounds {unknown}
 E - a potion of degeneration {unknown}
 F - a potion of lignification {unknown}
Comestibles
 c - 13 rations
 C - 4 chunks of flesh


   Skills:
 - Level 3.6 Fighting
 + Level 13.2 Maces & Flails
 - Level 2.4 Armour
 - Level 2.1 Dodging


You had 7 spell levels left.
You didn't know any spells.
Your spell library was empty.

Dungeon Overview and Level Annotations

Branches:
Dungeon (6/15)             Temple (1/1) D:6           Sewer (visited)

Altars:
Cheibriados
Dithmenos
Fedhas
Gozag
Hepliaklqana
Kikubaaqudgha
Nemelex Xobeh
Okawaru
Qazlal
Ru
Sif Muna
Trog
Uskayaw
Vehumet
Wu Jian
Yredelemnul
Zin
The Shining One

Shops:
D:5 (

Annotations:
D:4 1 runed translucent door, H0rd4k's ghost, amateur OpTm


Innate Abilities, Weirdness & Mutations

You reflexively headbutt those who attack you in melee.
You have a pair of horns on your head.


Message History

There is a staircase back to the Dungeon here.
You hit the orc warrior but do no damage.
Your headbutt misses the orc warrior. You barely miss the orc warrior.
Your headbutt misses the orc warrior.
The orc warrior hits you with a +0 long sword.
You hit the orc warrior but do no damage.
The orc warrior hits you with a +0 long sword!!
* * * LOW HITPOINT WARNING * * *
You hit the orc warrior but do no damage.
You headbutt the orc warrior, but do no damage.
A red film seems to cover your vision as you go berserk!
You feel yourself moving faster!
You feel mighty!
You are starving!
The orc warrior hits you with a +0 long sword!
* * * LOW HITPOINT WARNING * * *
You hit the orc warrior but do no damage.
Your headbutt misses the orc warrior. You closely miss the orc warrior.
Your headbutt misses the orc warrior.
The orc warrior hits you with a +0 long sword!!
You die...

#.._..###.....###.._..#
#.....##.......##.....#
##...'#.........#+...##
#####.....#.....#####
#.....###.....#
#######....#####....#######
##...##....#+...'#....##...##
#.....#...##.....##...#.....#
#.._..'...##..@..##...'.._..#
#.....#...##..o..##...#.....#
##...##....#+...+#....##...##
#######....#####....#######
#.....###.....#
#####...........#####
##...'#.........#'...##
#.....###.....###.....#
#.._..# ###'### #.._..#


You could see an orc warrior.

Vanquished Creatures
  Grinder (D:5)
  Prince Ribbit (D:5)
  Menkaure (D:5)
  A phantom (D:4)
  3 ogres
  A centaur (D:5)
  A bullfrog (D:6)
  A gnoll sergeant (D:5)
  A howler monkey (D:5)
  Crazy Yiuf (D:3)
  A hound (D:5)
  2 orc wizards (D:4)
  Ijyb (D:5)
  2 worker ants
  Natasha (thrice) (D:3)
  Terence (D:3)
  A worker ant zombie (D:4)
  6 gnolls
  2 river rats (D:3)
  6 adders
  An ooze (D:2)
  An adder skeleton (D:5)
  4 worms (D:3)
  A dart slug (D:2)
  3 leopard geckos
  13 orcs
  6 giant cockroaches
  2 gnoll zombies (D:4)
  6 goblins
  16 hobgoblins
  17 jackals
  2 quokkas
  5 ball pythons
  12 bats
  4 frilled lizards
  11 kobolds
  6 rats
  A fungus (D:3)
148 creatures vanquished.

Notes
Turn   | Place    | Note
-------+----------+-------------------------------------------
     0 | D:1      | RosmoRope the Minotaur Berserker began the quest for the
                  | Orb.
     0 | D:1      | Reached XP level 1. HP: 19/19 MP: 0/0
    54 | D:1      | Reached skill level 4 in Maces & Flails
  1180 | D:1      | Reached XP level 2. HP: 23/26 MP: 1/1
  1635 | D:1      | Reached skill level 5 in Maces & Flails
  1635 | D:1      | Reached XP level 3. HP: 24/31 MP: 2/2
  2141 | D:2      | Reached ** piety under Trog
  2226 | D:2      | Reached skill level 6 in Maces & Flails
  2226 | D:2      | Reached XP level 4. HP: 39/39 MP: 3/3
  2569 | D:2      | Found an opulent altar of Gozag.
  2874 | D:3      | Noticed Natasha
  2879 | D:3      | Killed Natasha
  2974 | D:3      | Reached XP level 5. HP: 38/45 MP: 4/4
  2981 | D:3      | Reached skill level 7 in Maces & Flails
  3115 | D:3      | Found a glowing drain.
  3124 | Sewer    | Entered a sewer
  3281 | Sewer    | Reached *** piety under Trog
  3723 | D:3      | Noticed Natasha
  3727 | D:3      | Killed Natasha
  3876 | D:3      | Noticed Terence
  3887 | D:3      | Killed Terence
  3887 | D:3      | Reached skill level 8 in Maces & Flails
  4078 | D:3      | Found a bloodstained altar of Trog.
  4288 | D:3      | Found a runed translucent door.
  4289 | D:3      | Noticed Crazy Yiuf
  4295 | D:3      | Killed Crazy Yiuf
  4295 | D:3      | Reached XP level 6. HP: 51/51 MP: 5/5
  4331 | D:3      | Noticed Natasha
  4336 | D:3      | Killed Natasha
  4404 | D:4      | Noticed H0rd4k's ghost (amateur OpTm)
  4408 | D:4      | Found a runed translucent door.
  4755 | D:4      | Reached skill level 9 in Maces & Flails
  4931 | D:4      | Found a shimmering blue altar of Sif Muna.
  4946 | D:4      | Reached XP level 7. HP: 57/57 MP: 6/6
  4988 | D:4      | Reached **** piety under Trog
  5013 | D:4      | Found a basalt altar of Yredelemnul.
  5124 | D:4      | Reached skill level 10 in Maces & Flails
  5328 | D:5      | Entered Level 5 of the Dungeon
  5380 | D:5      | Noticed Menkaure
  5386 | D:5      | Killed Menkaure
  5618 | D:5      | Noticed Prince Ribbit
  5629 | D:5      | Killed Prince Ribbit
  5629 | D:5      | Reached skill level 11 in Maces & Flails
  5629 | D:5      | Reached XP level 8. HP: 64/64 MP: 7/7
  5850 | D:5      | Noticed Ijyb
  5857 | D:5      | Killed Ijyb
  5871 | D:5      | Noticed Grinder
  5887 | D:5      | Killed Grinder
  5887 | D:5      | Reached skill level 12 in Maces & Flails
  6194 | D:5      | Found a radiant altar of Vehumet.
  6202 | D:5      | Found Karexu's Antique Weapon Shoppe.
  6372 | D:6      | Found a staircase to the Ecumenical Temple.
  6391 | Temple   | Entered the Ecumenical Temple
  6627 | D:6      | Reached skill level 13 in Maces & Flails
  6658 | D:6      | Found a stormy altar of Qazlal.
  6694 | Temple   | Mangled by an orc warrior

Illustrated notes

Levels and vault maps discovered:
D:1:      nzn_arrival_crosshair, layout_basic, minmay_hexomino_p4
D:2:      layout_basic, nicolae_gozag_cash_rules_everything_around_me,
          nicolae_overflow_hidden_temple, first_ration, guppyfry_early_orc_mine
D:3:      layout_loops_ring, lemuel_doored_altar, lightli_sewer_entry_pipes,
          uniq_crazy_yiuf_cottage, uniq_natasha, uniq_terence
D:4:      layout_basic, lemuel_zombie_altar_yredelemnul, kennysheep_little_box,
          hellmonk_ghost_happy_afterlife, sigmund_army
D:5:      layout_loops_ring, basic_altar, serial_shops,
          nicolae_shop_temple_entry_statues_fountains, lightli_minifort,
          uniq_menkaure, uniq_grinder, uniq_ijyb, uniq_prince_ribbit1
D:6:      layout_rooms, old_standard_altar, minmay_temple_entry_grid
Temple:   nicolae_temple_figure_eight

Skill      XL: |  1  2  3  4  5  6  7  8 |
---------------+-------------------------+-----
Maces & Flails | 4 5 6 8 9 11 13 | 13.2
Fighting       | |  3.6
Armour         | |  2.4
Dodging        | |  2.1

Action                   |  1- 3 |  4- 6 |  7- 9 || total
-------------------------+-------+-------+-------++-------
Melee: Mace              |    82 |   191 |   117 ||   390
       Headbutt          |     7 |    29 |    25 ||    61
Invok: Berserk           |     3 |     6 |     8 ||    17
  Eat: Chunk             |     7 |    13 |    12 ||    32
Armor: Animal skin       |     3 |       |       ||     3
       Scale mail        |    40 |    90 |    48 ||   178
Dodge: Dodged            |    54 |    97 |    62 ||   213
